 Dungeon Crawl Stone Soup version 0.22.1-1-ga44c0e5 (webtiles) character file.

556 Starchild the Quickloader (level 7, -1/40 HPs)
             Began as a Kobold Hunter on Oct 11, 2018.
             Was a Follower of Ru.
             Slain by a hound (3 damage)
             ... on level 5 of the Dungeon.
             The game lasted 00:20:40 (4755 turns).

Starchild the Quickloader (Kobold Hunter)           Turns: 4755, Time: 00:20:41

Health: -1/40      AC:  7    Str:  9    XL:     7   Next: 56%
Magic:  7/7        EV: 20    Int: 12    God:    Ru [*.....]
Gold:   303        SH:  0    Dex: 23    Spells: 6/6 levels left

rFire    . . .     SeeInvis .   b - +0 short sword
rCold    . . .     Gourm    .   (shield restricted)
rNeg     + . .     Faith    .   c - +0 leather armour
rPois    .         Spirit   .   i - +1 helmet
rElec    .         Reflect  .   q - +0 cloak
rCorr    .         Harm     .   u - +0 pair of gloves
MR       +....                  (no boots)
Stlth    +++.......             (no amulet)
HPRegen  0.13/turn              y - ring of positive energy
MPRegen  0.10/turn              x - ring of protection from magic

@: agile
A: small, carnivore, unskilled 1
a: Renounce Religion


You were on level 5 of the Dungeon.
You worshipped Ru.
Ru was aware of your devotion.
You were not hungry.

You visited 1 branch of the dungeon, and saw 6 of its levels.

You collected 303 gold pieces.

Inventory:

Hand Weapons
 a - a +1 hand crossbow
 b - a +0 short sword (weapon)
Missiles
 g - 66 stones (quivered)
Armour
 c - a +0 leather armour (worn)
 i - a +1 helmet (worn)
 q - a +0 cloak (worn)
 u - a +0 pair of gloves (worn)
Jewellery
 j - an uncursed ring of see invisible
 x - a ring of protection from magic (right hand)
 y - a ring of positive energy (left hand)
Wands
 t - a wand of scattershot (8)
 v - a wand of clouds (5)
Scrolls
 e - a scroll of amnesia {unknown}
 h - a scroll of identify
 k - 7 scrolls of remove curse
 l - 2 scrolls of teleportation {unknown}
 o - a scroll of enchant armour {unknown}
 s - a scroll of blinking {unknown}
 w - a scroll of enchant weapon {unknown}
Potions
 m - a potion of flight
 n - a potion of agility
 p - a potion of heal wounds {unknown}
 r - a potion of mutation {unknown}
 z - a potion of might {unknown}
Comestibles
 f - 7 rations


   Skills:
 - Level 2.0 Fighting
 - Level 0.9 Short Blades
 + Level 9.3 Crossbows
 - Level 2.1 Dodging
 - Level 1.2 Stealth


You had 6 spell levels left.
You didn't know any spells.
Your spell library contained the following spells:

 Spells                   Type           Power        Failure   Level  Hunger
 Animate Skeleton         Necr           N/A          43%         1    ##.....
 Corona                   Hex            #......      43%         1    ##.....
 Pain                     Necr           #...         43%         1    ##.....
 Ensorcelled Hibernation  Hex/Ice        #.....       56%         2    ###....
 Confuse                  Hex            #.......     80%         3    ####...
 Dazzling Spray           Conj/Hex       #.....       80%         3    ####...
 Regeneration             Chrm/Necr      #.........   80%         3    ####...
 Tukima's Dance           Hex            #.......     80%         3    ####...
 Vampiric Draining        Necr           #.........   80%         3    ####...
 Animate Dead             Necr           N/A          99%         4    #####..


Dungeon Overview and Level Annotations

Branches:
Dungeon (6/15)             Temple (0/1) D:4

Altars:
Ashenzari
Cheibriados
Fedhas
Hepliaklqana
Okawaru
Qazlal
Ru
Wu Jian
Yredelemnul

Annotations:
D:2 Terence


Innate Abilities, Weirdness & Mutations

You are small and have problems with some larger weapons.
You are carnivorous and can eat meat at any time.
You are somewhat unskilled. (-1 Apt)


Message History

There is a stone staircase leading up, spattered with blood here.
The hound barely misses you.
The killer bee zombie barely misses you.
The leopard gecko hisses menacingly.
The hound bites you but does no damage.
The worker ant zombie bites you but does no damage.
The killer bee zombie hits you.
* * * LOW HITPOINT WARNING * * *
You climb upwards.
There is a stone staircase leading down here.
You feel agile all of a sudden. The hound closely misses you.
You barely miss the hound.
The hound is stunned by your will and fails to attack.
The hound bites you but does no damage.
You hit the hound but do no damage. The hound bites you but does no damage.
The hound closely misses you.
You hit the hound but do no damage. The hound closely misses you.
You miss the hound. The hound bites you.
You die...

# #.# #.##...# #### #.#######
#.##.###
...####.......#######.##.#
.......................#.#
...........!...######..#.#######
<...................<..........#
.....###....................##.#
.....###......#÷h........##.##.#
................@....#.#.##.##.#
#.................##.#.#.##.##.#
#............###.###.#.#.##.##.#
#.........##.#.....#.#.#.#.....#
..........##.......'.....#..####
.....####..........###......#
.....÷.##........##########.#
...#...##...................#
..........)............######


You could see a hound.

Vanquished Creatures
  A centaur (D:5)
  2 scorpions (D:4)
  A crimson imp (D:5)
  2 bullfrog zombies (D:5)
  A hound (D:5)
  A jelly (D:5)
  An iguana (D:5)
  A worker ant (D:5)
  A hound zombie (D:6)
  A hound skeleton (D:4)
  6 adders
  2 adder skeletons
  2 worms
  2 dart slugs (D:1)
  3 leopard geckos
  3 orcs
  3 giant cockroaches
  7 goblins
  6 hobgoblins
  3 jackals (D:2)
  2 quokkas (D:3)
  3 ball pythons
  A ball python skeleton (D:4)
  6 bats
  5 frilled lizards
  2 giant cockroach zombies (D:6)
  12 kobolds
  A leopard gecko skeleton (D:4)
  2 quokka skeletons
  8 rats
91 creatures vanquished.

Notes
Turn   | Place    | Note
-------+----------+-------------------------------------------
     0 | D:1      | Starchild the Kobold Hunter began the quest for the Orb.
     0 | D:1      | Reached XP level 1. HP: 12/12 MP: 1/1
    46 | D:1      | Reached skill level 5 in Crossbows
   118 | D:1      | Reached XP level 2. HP: 17/17 MP: 2/2
   430 | D:1      | Reached XP level 3. HP: 21/21 MP: 3/3
   633 | D:1      | Reached skill level 6 in Crossbows
   978 | D:2      | Found an ornate altar of the Wu Jian Council.
  1178 | D:2      | You fall through a shaft for 2 floors!
  1187 | D:4      | Found a stormy altar of Qazlal.
  1195 | D:4      | Reached XP level 4. HP: 26/26 MP: 4/4
  1231 | D:4      | Reached skill level 7 in Crossbows
  1231 | D:4      | Reached XP level 5. HP: 30/30 MP: 5/5
  1628 | D:2      | Noticed Terence
  1725 | D:2      | Found an iron altar of Okawaru.
  2676 | D:3      | Found a sacrificial altar of Ru.
  2678 | D:3      | Found a shattered altar of Ashenzari.
  2678 | D:3      | Found a snail-covered altar of Cheibriados.
  2686 | D:3      | Reached skill level 1 in Short Blades
  2701 | D:3      | Became a worshipper of Ru the Awakened
  2870 | D:3      | Found a hazy altar of Hepliaklqana.
  2961 | D:3      | Found a blossoming altar of Fedhas.
  3276 | D:4      | Reached skill level 8 in Crossbows
  3276 | D:4      | Reached XP level 6. HP: 19/35 MP: 6/6
  3448 | D:4      | Found a staircase to the Ecumenical Temple.
  3635 | D:4      | Found a basalt altar of Yredelemnul.
  3879 | D:5      | Entered Level 5 of the Dungeon
  3926 | D:5      | Reached skill level 9 in Crossbows
  3952 | D:5      | Gained mutation: You are somewhat unskilled. (-1 Apt) [Ru
                  | sacrifice]
  3952 | D:5      | Reduced skill Crossbows to level 8
  3952 | D:5      | Reached * piety under Ru
  4131 | D:5      | Reached XP level 7. HP: 23/40 MP: 7/7
  4325 | D:5      | Reached skill level 9 in Crossbows
  4745 | D:6      | HP: 2/40 [killer bee zombie (5)]
  4755 | D:5      | Slain by a hound

Skill      XL: |  1  2  3  4  5  6  7 |
---------------+----------------------+-----
Crossbows      | 5 6 7 8 8 9 |  9.3
Short Blades   | 1 0 |  0.9
Fighting       | |  2.0
Dodging        | |  2.1
Stealth        | |  1.2

Action                   |  1- 3 |  4- 6 |  7- 9 || total
-------------------------+-------+-------+-------++-------
Melee: Short sword       |     7 |    49 |    46 ||   102
 Fire: Hand crossbow     |    70 |    85 |    40 ||   195
Throw: Stone             |     1 |     2 |       ||     3
Invok: Sacrifice Skill   |       |     1 |       ||     1
  Use: Scroll            |       |     5 |     1 ||     6
       Potion            |       |       |     2 ||     2
 Stab: Sleeping          |       |     1 |       ||     1
  Eat: Chunk             |       |    11 |     3 ||    14
Armor: Leather armour    |     1 |    23 |    43 ||    67
Dodge: Dodged            |    27 |    48 |   120 ||   195
